 Dungeon Crawl Stone Soup version 0.31-a0-196-g86fe4a5e66 (webtiles) character file.

Game seed: 9994108031777331567

497 qw the Skirmisher (level 6, -6/35 HPs)
             Began as a Deep Elf Hunter on June 24, 2023.
             Mangled by an ice beast (12 damage)
             ... on level 5 of the Dungeon.
             The game lasted 00:01:24 (3629 turns).

qw the Skirmisher (Deep Elf Hunter)                 Turns: 3629, Time: 00:01:24

Health: -6/35      AC:  3    Str: 10    XL:     6   Next: 93%
Magic:  8/8        EV: 13    Int: 14    God:
Gold:   221        SH:  0    Dex: 18    Spells: 5/5 levels left

rFire   . . .        Y - +0 shortbow
rCold   . . .        (shield currently unavailable)
rNeg    . . .        j - +0 leather armour of Free Will {SInv}
rPois   .            (helmet restricted)
rElec   .            (no cloak)
rCorr   .            (no gloves)
SInv    +            (no boots)
Will    .....        (no amulet)
Stlth   ++           (no ring)
HPRegen 0.25/turn    (no ring)
MPRegen 0.11/turn

%: no passive effects
@: no status effects
A: hooves 1, horns 1, mutation resistance 1
a: no special abilities


You were on level 5 of the Dungeon.
You visited 1 branch of the dungeon, and saw 5 of its levels.

You collected 221 gold pieces.


Innate Abilities, Weirdness & Mutations

You have large cloven feet.
You have a pair of small horns on your head.
You are somewhat resistant to further mutation.


   Skills:
 - Level 2.0 Fighting
 - Level 10.2 Ranged Weapons
 + Level 3.7 Dodging
 - Level 1.2 Stealth


You had 5 spell levels left.
You didn't know any spells.
Your spell library was empty.

Inventory:

Hand Weapons
 Y - a +0 shortbow (weapon)
Armour
 b - a +1 robe of fire resistance
 i - a +0 ring mail
 j - the +0 leather armour of Free Will (worn) {SInv}
   (You found it on level 3 of the Dungeon)

   SInv:      It lets you see invisible.
Jewellery
 d - a ring of ice
Scrolls
 f - a scroll of identify
Potions
 a - a potion of mutation
 c - a potion of brilliance {unknown}
 e - a potion of berserk rage {unknown}
 g - a potion of cancellation {unknown}
 h - a potion of resistance {unknown}
 k - a potion of lignification {unknown}
 m - a potion of might {unknown}

Dungeon Overview and Level Annotations

Branches:
Dungeon (5/15)
 Temple: D:4-7

Altars:
Hepliaklqana
Makhleb
Qazlal
Uskayaw

Annotations:
D:4 1 runed translucent door, Crazy Yiuf
D:5 exclusion: gnoll


Message History

The iguana closely misses you.
You shoot an arrow. The arrow hits the iguana.
The iguana is severely wounded.
The iguana bites you!
You shoot an arrow. The arrow hits the iguana.
You kill the iguana!
You start resting.
HP restored.
There is a stone staircase leading down here.
Found a stone staircase leading down.
You now have 221 gold pieces (gained 10).
A hound comes into view.
You shoot an arrow. The arrow hits the hound.
The hound barks!
The hound is moderately wounded.
You shoot an arrow. The arrow hits the hound.
The hound is heavily wounded.
You shoot an arrow. The arrow hits the hound!
You kill the hound!
Found a hide-covered altar of Uskayaw.
An ice beast comes into view.
You shoot an arrow. The arrow hits the ice beast.
The ice beast is lightly wounded.
You shoot an arrow. The arrow hits the ice beast!
The ice beast is heavily wounded.
You shoot an arrow.
The arrow hits the ice beast but does no damage.
The ice beast is heavily wounded.
You shoot an arrow. The arrow hits the ice beast.
The ice beast is heavily wounded.
You shoot an arrow. The arrow closely misses the ice beast.
The ice beast hits you. The ice beast freezes you!
You shoot an arrow. The arrow hits the ice beast.
The ice beast is severely wounded.
The ice beast hits you. The ice beast freezes you!
You shoot an arrow.
The arrow hits the ice beast but does no damage.
The ice beast is severely wounded.
The ice beast hits you. The ice beast freezes you!
You die...

##### ....# .8..# _...#
....### #. ##....... #.
##Y......#
#.######.@.>.....
#.#..............
#.#.####.........#.
#.#.........#.....#.###
#.#.....##...........:
#................##.#
###.......:.........#
##......###.......##
#......>.......)...#


You could see an ice beast.

Vanquished Creatures
  An ogre (D:5)
  2 orc priests (D:4)
  A hound (D:5)
  Jessica (D:3)
  A sleepcap (D:5)
  An iguana (D:5)
  Natasha (D:3)
  3 orc wizards (D:4)
  A gnoll (D:5)
  5 adders
  2 worms
  A dart slug (D:4)
  17 orcs
  6 endoplasms
  2 giant cockroaches
  2 goblins
  4 hobgoblins
  11 ball pythons
  3 bats
  3 frilled lizards
  8 kobolds
  7 rats
  A spectral kobold (D:3)
84 creatures vanquished.

Notes
Turn   | Place    | Note
-------+----------+-------------------------------------------
     0 | D:1      | qw the Deep Elf Hunter began the quest for the Orb.
     0 | D:1      | Reached XP level 1. HP: 12/12 MP: 3/3
     0 | D:1      | 0 ||| qw: Version: 0.3-a-9-g12657ce
     0 | D:1      | 0 ||| qw: Game counter: 4847
     0 | D:1      | 0 ||| qw: Always use a shield: true
     0 | D:1      | 0 ||| qw: God list: Okawaru
     0 | D:1      | 0 ||| qw: Allow faded altars: false
     0 | D:1      | 0 ||| qw: Do Orc after D:15 true
     0 | D:1      | 0 ||| qw: Do second Lair branch before Depths: true
     0 | D:1      | 0 ||| qw: Lair rune preference: random
     0 | D:1      | 0 ||| qw: Plans: Normal
     0 | D:1      | 0 ||| PLANNING D:1-11
    80 | D:1      | Reached XP level 2. HP: 16/16 MP: 4/4
    88 | D:1      | Reached skill level 6 in Ranged Weapons
   613 | D:1      | 613 ||| UPGRADING to +0 ring mail.
   623 | D:1      | 623 ||| DROPPING +0 leather armour.
   624 | D:1      | 624 ||| READING scroll labelled UZOSOA FOGAE.
   629 | D:1      | 629 ||| READING scroll labelled ECIMMA TOPI.
   630 | D:1      | 630 ||| READING scroll labelled LISYDA WANTYOS.
   731 | D:1      | 731 ||| DROPPING scroll of butterflies.
   756 | D:2      | Reached XP level 3. HP: 13/20 MP: 5/5
  1015 | D:2      | Reached skill level 7 in Ranged Weapons
  1104 | D:2      | You fall into a shaft and drop 1 floor!
  1147 | D:3      | Noticed Natasha
  1154 | D:3      | Killed Natasha
  1155 | D:3      | Reached XP level 4. HP: 21/25 MP: 6/6
  1217 | D:3      | Noticed Jessica
  1223 | D:3      | Killed Jessica
  1224 | D:3      | Reached skill level 8 in Ranged Weapons
  1367 | D:3      | 1367 ||| READING scroll labelled TOIPSUICVA.
  1368 | D:3      | 1368 ||| READING scroll labelled JOICET ERACE.
  1370 | D:3      | 1370 ||| Stepping ~*~*~tactically~*~*~ (cloud).
  1437 | D:3      | 1437 ||| STAIRDANCE
  1547 | D:2      | Found a burning altar of Makhleb.
  1684 | D:2      | 1684 ||| DRINKING 2 red potions.
  1723 | D:3      | Identified the +0 leather armour of Free Will {SInv}
  1734 | D:3      | Found a hazy altar of Hepliaklqana.
  1788 | D:3      | Found a stormy altar of Qazlal.
  1830 | D:3      | Reached XP level 5. HP: 29/29 MP: 7/7
  2311 | D:3      | 2311 ||| UPGRADING to +0 leather armour of Free Will
                  | {SInv}.
  2321 | D:3      | 2321 ||| UPGRADING to +0 helmet of intelligence.
  2326 | D:3      | 2326 ||| READING 2 scrolls labelled GEUGYL QICUD.
  2327 | D:3      | 2327 ||| READING scroll of enchant armour.
  2327 | D:3      | 2327 ||| ENCHANTING +0 helmet of intelligence.
  2328 | D:3      | 2328 ||| DRINKING 2 sapphire potions.
  2328 | D:3      | Gained mutation: You have a pair of small horns on your
                  | head. [potion of mutation]
  2328 | D:3      | Gained mutation: You are somewhat resistant to further
                  | mutation. [potion of mutation]
  2328 | D:3      | Gained mutation: You have large cloven feet. [potion of
                  | mutation]
  2329 | D:3      | 2329 ||| DROPPING +1 helmet of intelligence.
  2528 | D:4      | 2528 ||| FLEEEEING.
  2529 | D:4      | 2529 ||| FLEEEEING.
  2548 | D:4      | 2548 ||| Stepping ~*~*~tactically~*~*~ (outnumbered).
  2550 | D:4      | 2550 ||| Stepping ~*~*~tactically~*~*~ (outnumbered).
  2556 | D:4      | Reached skill level 9 in Ranged Weapons
  2560 | D:4      | Reached skill level 3 in Dodging
  2568 | D:4      | HP: 4/30 [orc/+0 mace (6)]
  2569 | D:4      | 2569 ||| READING 2 scrolls of teleportation.
  2570 | D:4      | 2570 ||| DRINKING potion of heal wounds.
  2587 | D:4      | Found a runed translucent door.
  2588 | D:4      | Noticed Crazy Yiuf
  2749 | D:4      | 2749 ||| FLEEEEING.
  2750 | D:4      | 2750 ||| FLEEEEING.
  2751 | D:4      | 2751 ||| FLEEEEING.
  2753 | D:4      | 2753 ||| FLEEEEING.
  2754 | D:4      | 2754 ||| FLEEEEING.
  2756 | D:4      | 2756 ||| FLEEEEING.
  2757 | D:4      | 2757 ||| FLEEEEING.
  2758 | D:4      | 2758 ||| FLEEEEING.
  2759 | D:4      | 2759 ||| FLEEEEING.
  2968 | D:4      | Reached XP level 6. HP: 35/35 MP: 8/8
  3361 | D:4      | 3361 ||| READING 2 scrolls labelled RIRRAURRITS.
  3376 | D:5      | Entered Level 5 of the Dungeon
  3426 | D:5      | 3426 ||| Stepping ~*~*~tactically~*~*~ (outnumbered).
  3442 | D:5      | HP: 6/35 [gnoll/+0 halberd (7)]
  3443 | D:5      | 3443 ||| READING 2 scrolls of teleportation.
  3446 | D:5      | 3446 ||| READING scroll of teleportation.
  3449 | D:5      | HP: 6/35 [orc/+0 club (1)]
  3460 | D:5      | Reached skill level 10 in Ranged Weapons
  3461 | D:5      | HP: 8/35 [iguana (1)]
  3465 | D:5      | HP: 2/35 [iguana (7)]
  3621 | D:5      | Found a hide-covered altar of Uskayaw.
  3622 | D:5      | Noticed an ice beast
  3628 | D:5      | HP: 8/35 [ice beast (14)]
  3629 | D:5      | Mangled by an ice beast

Levels and vault maps discovered:
D:1:      dpeg_arrival_round_a, layout_basic, hangedman_feature_mirror
D:2:      layout_basic, basic_altar
D:3:      layout_basic, nicolae_hepliaklqana_monster_ancestors,
          grunt_qazlal_sundering, uniq_natasha, uniq_jessica
D:4:      layout_loops_ring, minivault_11, uniq_crazy_yiuf_cottage
D:5:      layout_loops_ring, jmf_multi_god_temple2, hangedman_feature_mirror,
          minmay_misc_feat_ornament, dreamdust_gnoll_farm, uniq_pikel,
          uniq_sigmund

Skill      XL: |  1  2  3  4  5  6 |
---------------+-------------------+-----
Ranged Weapons | 6 7 8 9 10 | 10.2
Dodging        | 3 |  3.7
Fighting       | 2 |  2.0
Stealth        | |  1.2

Action                     |  1- 3 |  4- 6 || total
---------------------------+-------+-------++-------
   Fire: Shortbow          |    79 |   245 ||   324
    Use: Scroll            |     3 |     8 ||    11
         Potion            |       |     3 ||     3
 Armour: Ring mail         |     8 |    11 ||    19
         Leather armour    |     1 |    12 ||    13
  Dodge: Dodged            |    23 |    63 ||    86

Table legend:
 A = Non-vault XP
 B = Vault XP
 C = Vault XP percentage of total XP
 D = Non-vault monster count
 E = Vault monster count
 F = Vault count percentage of total count
                 A         B        C        D         E       F
            +---------+---------+-------+---------+---------+-------
      Total |     612 |      98 |  13.8 |      73 |      11 |  13.1
            +---------+---------+-------+---------+---------+-------
        D:1 |      22 |      10 |  31.2 |      16 |       6 |  27.3
        D:2 |      49 |       0 |   0.0 |      14 |       0 |   0.0
        D:3 |      54 |      74 |  57.8 |      12 |       4 |  25.0
        D:4 |     247 |       0 |   0.0 |      25 |       0 |   0.0
        D:5 |     240 |      14 |   5.5 |       6 |       1 |  14.3
            +---------+---------+-------+---------+---------+-------
